 Dungeon Crawl Stone Soup version 0.22-b1-26-g9dbaab1 (webtiles) character file.

20120 nicolaieve the Peltast (level 12, -12/106 HPs)
             Began as a Minotaur Berserker on Aug 6, 2018.
             Was a High Priest of Trog.
             Engulfed by an ice statue's freezing vapour (19 damage)
             ... in an ice cave.
             The game lasted 00:56:42 (10698 turns).

nicolaieve the Peltast (Minotaur Berserker)        Turns: 10698, Time: 00:56:43

Health: -12/106    AC: 21    Str: 25    XL:     12   Next: 42%
Magic:  11/11      EV: 12    Int:  4    God:    Trog [*****.]
Gold:   778        SH: 14    Dex: 15    Spells: 11/11 levels left

rFire    . . .     SeeInvis .   H - +1 whip (venom)
rCold    . . .     Gourm    +   i - +0 shield
rNeg     . . .     Faith    .   t - +1 chain mail {rPois}
rPois    +         Spirit   .   (helmet restricted)
rElec    .         Reflect  .   z - +0 cloak
rCorr    .         Harm     .   (no gloves)
MR       ++...                  p - +2 pair of boots
Stlth    ..........             B - amulet of the gourmand
HPRegen  1.27/turn              F - +4 ring of protection
MPRegen  0.12/turn              A - +3 ring of strength

@: berserk cooldown, regenerating, slowed, invisible, very slow
A: retaliatory headbutt, horns 2
a: Berserk, Trog's Hand, Brothers in Arms, Renounce Religion


You were in an ice cave.
You worshipped Trog.
Trog was extremely pleased with you.
You were very full.

You visited 2 branches of the dungeon, and saw 13 of its levels.
You also visited: Ice Cave.

You collected 897 gold pieces.
You spent 119 gold pieces at shops.

Inventory:

Hand Weapons
 a - a +0 whip of flaming
 H - a +1 whip of venom (weapon)
Armour
 i - a +0 shield (worn)
 p - a +2 pair of boots (worn)
 t - a +1 chain mail of poison resistance (worn)
 z - a +0 cloak (worn)
 K - a +0 plate armour
Jewellery
 s - a +4 ring of intelligence
 u - an uncursed ring of poison resistance {unknown}
 A - a +3 ring of strength (right hand)
 B - an amulet of the gourmand (around neck)
 F - a +4 ring of protection (left hand)
 I - an uncursed ring of see invisible
Wands
 g - a wand of enslavement (14)
 h - a wand of clouds (5)
 r - a wand of digging (29)
 x - a wand of iceblast (13)
 L - a wand of flame (20)
Scrolls
 d - a scroll of silence
 e - a scroll of fog {unknown}
 j - 3 scrolls of teleportation
 l - a scroll of magic mapping
 m - 5 scrolls of remove curse
 v - 2 scrolls of fear {unknown}
 w - 2 scrolls of enchant armour
 y - 2 scrolls of blinking {unknown}
 D - 2 scrolls of enchant weapon {unknown}
 G - a scroll of immolation {unknown}
 J - 2 scrolls of identify
Potions
 b - 4 potions of curing
 k - 2 potions of might
 n - 3 potions of ambrosia
 o - 5 potions of agility
 q - 3 potions of flight
 C - 2 potions of lignification
Comestibles
 c - 29 rations


   Skills:
 + Level 10.2 Fighting
 - Level 12.0 Maces & Flails
 + Level 10.0 Armour
 * Level 6.9 Dodging
 - Level 15.0 Shields


You had 11 spell levels left.
You didn't know any spells.
Your spell library was empty.

Dungeon Overview and Level Annotations

Branches:
Dungeon (11/15)            Temple (0/1) D:4            Lair (2/6) D:11
    Orc (0/2) D:9
  Swamp: Lair:2-4    Shoals: Lair:2-4     Snake: Lair:2-4    Spider: Lair:2-4

Altars:
Gozag
Makhleb
Nemelex Xobeh
Wu Jian
Xom

Shops:
D:5 *   D:9 (

Annotations:
Lair:1 exclusion: oklob plant IceCv exclusion: ice statue


Innate Abilities, Weirdness & Mutations

You reflexively headbutt those who attack you in melee.
You have a pair of horns on your head.


Message History

You are engulfed in freezing vapours.
The ice statue gestures.
You hit the ice statue but do no damage.
You headbutt the ice statue.
The ice statue is moderately damaged.
You are engulfed in freezing vapours.
* * * LOW HITPOINT WARNING * * *
The ice statue gestures at you. You block the shard of ice.
Unknown command.
Okay, then.
Okay, then.
You are engulfed in freezing vapours.
You block the ice beast's attack.
Okay, then.
You feel better.
You are engulfed in freezing vapours.
* * * LOW HITPOINT WARNING * * *
You block the ice beast's attack.
Unknown command.
You fade into invisibility!
You die...

##### #####...##
# ##........##
#. ##..........#
...#..........##
...............#
#....§.......#
#...§Y.....#
###8#@...#.#
####..#### #..##
##..## ##..#
##...# ##...##
#...## #...##


You could see an ice beast.

Vanquished Creatures
  Harold (D:8)
  A centaur warrior (D:9)
  A two-headed ogre (D:9)
  The ghost of Curus the Cruncher, a novice MiGl of Makhleb (D:8)
  Pikel (D:7)
  3 cyclopes (D:11)
  A manticore (D:10)
  An ugly thing (D:11)
  A black mamba (Lair:1)
  Maurice (D:8)
  An ice statue (IceCv)
  2 spiny frogs
  3 komodo dragons
  Grinder (D:4)
  2 hornets (D:8)
  6 blink frogs
  3 slime creatures (D:8)
  A hippogriff (Lair:1)
  6 wraiths (D:9)
  21 yaks
  A hungry ghost (D:9)
  A steam dragon (D:7)
  Menkaure (D:4)
  2 hell hounds (D:11)
  Duvessa (D:4)
  A water moccasin (Lair:2)
  A porcupine (Lair:1)
  3 orc warriors
  4 sky beasts
  2 ice beasts
  3 slaves
  3 wolves (Lair:1)
  A necrophage (D:10)
  5 ogres
  4 phantoms
  5 centaurs
  A crocodile (Lair:1)
  3 big kobolds
  5 bullfrogs
  Dowan (D:4)
  A wyvern skeleton (D:11)
  A scorpion (D:10)
  A water moccasin skeleton (D:7)
  9 killer bees
  5 howler monkeys
  4 wights (D:9)
  3 crimson imps
  3 hounds
  4 jellies
  12 orc wizards
  Crazy Yiuf (D:5)
  3 centaur skeletons
  4 orc priests
  A bullfrog skeleton (D:5)
  6 iguanas
  12 worker ants
  A hound skeleton (D:4)
  A howler monkey zombie (D:10)
  Robin (D:2)
  3 worker ant zombies
  A howler monkey skeleton (D:5)
  8 adders
  5 shadow imps
  2 white imps (IceCv)
  6 ufetubi (IceCv)
  3 worms (D:2)
  3 dart slugs
  3 leopard geckos
  34 orcs
  7 giant cockroaches
  11 goblins
  7 hobgoblins
  28 jackals
  A quokka (D:8)
  2 ball pythons
  6 bats
  3 frilled lizards
  A jackal skeleton (D:7)
  23 kobolds
  2 leopard gecko zombies
  9 rats
347 creatures vanquished.

Vanquished Creatures (others)
  A slave (D:8)
  2 white imps (IceCv)
  6 ufetubi (IceCv)
  2 orcs (D:8)
  A fungus (Lair:2)
12 creatures vanquished.

Grand Total: 359 creatures vanquished

Notes
Turn   | Place    | Note
-------+----------+-------------------------------------------
     0 | D:1      | nicolaieve the Minotaur Berserker began the quest for the Orb.
     0 | D:1      | Reached XP level 1. HP: 19/19 MP: 0/0
    50 | D:1      | Reached XP level 2. HP: 26/26 MP: 1/1
   260 | D:1      | Reached skill level 5 in Maces & Flails
   355 | D:1      | Reached XP level 3. HP: 28/31 MP: 2/2
   511 | D:2      | Reached ** piety under Trog
  1021 | D:2      | Reached XP level 4. HP: 39/39 MP: 3/3
  1084 | D:2      | Noticed Robin
  1094 | D:2      | Killed Robin
  1094 | D:2      | Reached skill level 1 in Shields
  2070 | D:3      | Reached *** piety under Trog
  2114 | D:3      | Found an ornate altar of the Wu Jian Council.
  2415 | D:4      | Reached XP level 5. HP: 40/45 MP: 4/4
  2429 | D:4      | Noticed Grinder
  2429 | D:4      | Noticed a phantom
  2435 | D:4      | Killed Grinder
  2435 | D:4      | Reached skill level 3 in Shields
  2435 | D:4      | Reached XP level 6. HP: 48/51 MP: 5/5
  2688 | D:4      | Reached XP level 7. HP: 43/57 MP: 6/6
  2885 | D:4      | Noticed Menkaure
  2887 | D:4      | Noticed Duvessa
  2888 | D:4      | Killed Menkaure
  2888 | D:4      | Reached skill level 4 in Shields
  2890 | D:4      | Noticed Dowan
  2933 | D:4      | Killed Duvessa
  2952 | D:4      | Killed Dowan
  3051 | D:4      | Reached skill level 5 in Shields
  3237 | D:4      | Found a staircase to the Ecumenical Temple.
  3446 | D:5      | Entered Level 5 of the Dungeon
  3498 | D:5      | Found an opulent altar of Gozag.
  3615 | D:5      | Found a runed door.
  3673 | D:5      | Reached skill level 10 in Maces & Flails
  3746 | D:5      | Reached XP level 8. HP: 48/64 MP: 7/7
  3909 | D:5      | Found Cacvimos's General Store.
  3917 | D:5      | Bought a scroll of enchant armour for 105 gold pieces
  3917 | D:5      | Bought a scroll of random uselessness for 14 gold pieces
  4183 | D:5      | Noticed Crazy Yiuf
  4194 | D:5      | Killed Crazy Yiuf
  4245 | D:6      | Reached skill level 6 in Shields
  4282 | D:6      | Reached **** piety under Trog
  4542 | D:6      | Reached skill level 7 in Shields
  4820 | D:7      | Reached XP level 9. HP: 58/70 MP: 8/8
  4826 | D:7      | Reached skill level 8 in Shields
  4927 | D:7      | HP: 2/105 [orc wizard/magic dart (6)]
  4938 | D:7      | HP: 3/70 [orc wizard/puff of frost (10)]
  4978 | D:7      | Reached skill level 9 in Shields
  5751 | D:7      | Found a sparkling altar of Nemelex Xobeh.
  5754 | D:7      | Found a shimmering altar of Xom.
  5757 | D:7      | Found a burning altar of Makhleb.
  5820 | D:8      | Noticed Pikel
  5828 | D:8      | Reached skill level 10 in Shields
  5886 | D:7      | Killed Pikel
  5886 | D:7      | Reached skill level 11 in Shields
  5989 | D:8      | Noticed Maurice
  6010 | D:8      | Killed Maurice
  6010 | D:8      | Reached skill level 12 in Shields
  6185 | D:8      | Noticed Harold
  6194 | D:8      | Reached XP level 10. HP: 77/77 MP: 9/9
  6225 | D:8      | Killed Harold
  6225 | D:8      | Reached skill level 13 in Shields
  6721 | D:8      | Reached ***** piety under Trog
  6838 | D:9      | Found a runed gate.
  6839 | D:9      | Found a runed gate.
  6839 | D:9      | Found a runed gate.
  6845 | D:9      | Noticed Curus's ghost (novice MiGl)
  7072 | D:9      | Reached skill level 5 in Fighting
  7089 | D:9      | Found a staircase to the Orcish Mines.
  7105 | D:9      | Noticed a two-headed ogre
  7114 | D:9      | Noticed a centaur warrior
  7119 | D:9      | Killed a centaur warrior
  7119 | D:9      | Reached skill level 5 in Armour
  7124 | D:9      | Killed a two-headed ogre
  7126 | D:9      | Received a gift from Trog
  7131 | D:9      | Reached XP level 11. HP: 89/89 MP: 10/10
  7148 | D:9      | Reached skill level 14 in Shields
  7707 | D:9      | Found Tukofela's Weapon Boutique.
  7983 | D:8      | Killed Curus's ghost
  8063 | D:10     | Entered Level 10 of the Dungeon
  8878 | D:11     | Found a staircase to the Lair.
  8897 | D:11     | Noticed a green ugly thing
  8916 | D:11     | Killed a green ugly thing
  9066 | D:11     | Received a gift from Trog
  9080 | D:11     | Reached skill level 5 in Dodging
  9510 | Lair:1   | Entered Level 1 of the Lair of Beasts
  9590 | Lair:1   | Noticed an oklob plant
  9670 | Lair:1   | Reached XP level 12. HP: 93/103 MP: 11/11
  9711 | Lair:1   | Reached skill level 15 in Shields
  9759 | Lair:1   | Found a burning altar of Makhleb.
 10405 | Lair:2   | Reached skill level 10 in Fighting
 10477 | Lair:2   | Reached skill level 10 in Armour
 10488 | Lair:2   | Found a frozen archway.
 10497 | IceCv    | Entered an ice cave
 10697 | IceCv    | HP: 5/106 [something] (29)]
 10698 | IceCv    | Engulfed by an ice statue's freezing vapour

Skill      XL: |  1  2  3  4  5  6  7  8  9 10 11 12 |
---------------+-------------------------------------+-----
Maces & Flails | 4 5 6 8 10 12 | 12.0
Shields        | 1 3 5 7 12 13 14 15 | 15.0
Fighting       | 5 8 10 | 10.2
Armour         | 5 8 10 | 10.0
Dodging        | 3 5 6 |  6.9

Action                   |  1- 3 |  4- 6 |  7- 9 | 10-12 || total
-------------------------+-------+-------+-------+-------++-------
Melee: Mace              |    23 |       |       |       ||    23
       Headbutt          |    21 |    23 |   105 |   245 ||   394
       Whip              |    61 |   135 |   439 |   804 ||  1439
Invok: Berserk           |     2 |     2 |    10 |    11 ||    25
       Trog's Hand       |       |     1 |     5 |     3 ||     9
  Use: Potion            |       |       |     2 |     5 ||     7
       Scroll            |       |       |     8 |     6 ||    14
  Eat: Chunk             |     2 |     7 |    37 |    24 ||    70
Armor: Animal skin       |     5 |       |       |       ||     5
       Ring mail         |    12 |    35 |    93 |       ||   140
       Chain mail        |       |       |    50 |   130 ||   180
Dodge: Dodged            |    37 |    30 |    98 |   126 ||   291
Block: Shield            |    16 |    40 |   181 |   313 ||   550
